 Dungeon Crawl Stone Soup version 0.24.1-14-gf8d2b509d9 (webtiles) character file.

Game seed: 3545485183668783888, levelgen mode: deterministic

8479 Peloso the Blocker (level 11, -3/83 (84) HPs)
             Began as a Formicid Fighter on June 1, 2020.
             Was a High Priest of Okawaru.
             Killed by divine providence
             ... invoked by an orc priest
              (14 damage)
             ... on level 10 of the Dungeon.
             The game lasted 00:20:22 (10205 turns).

Peloso the Blocker (Formicid Fighter)              Turns: 10205, Time: 00:20:23

HP:   -3/83 (84)    AC: 20    Str: 22    XL:     11   Next: 56%
MP:   11/12         EV: 10    Int:  8    God:    Okawaru [*****.]
Gold: 598           SH: 15    Dex: 12    Spells: 10/10 levels left

rFire    . . .     SeeInvis +   a - +0 long sword
rCold    . . .     Gourm    .   c - +1 shield
rNeg     . . .     Faith    .   j - +0 plate armour
rPois    +         Spirit   .   (helmet unavailable)
rElec    .         Reflect  .   y - +1 cloak {rPois}
rCorr    .         Harm     .   (no gloves)
MR       +....                  q - +0 pair of boots
Stlth    ..........             (no amulet)
HPRegen  0.23/turn              k - ring of poison resistance
MPRegen  0.13/turn              (no ring)

@: heroism, marked
A: permanent stasis, dig shafts and tunnels, four strong arms, antennae 3
a: Dig, Shaft Self, Heroism, Finesse, Renounce Religion


You were on level 10 of the Dungeon.
You worshipped Okawaru.
Okawaru was extremely pleased with you.
You were hungry.

You visited 2 branches of the dungeon, and saw 12 of its levels.

You collected 598 gold pieces.

Inventory:

Hand Weapons
 a - a +0 long sword (weapon)
 b - a +0 vampiric short sword
Armour
 c - a +1 shield (worn)
 i - a +0 chain mail
 j - a +0 plate armour (worn)
 q - a +0 pair of boots (worn)
 y - a +1 cloak of poison resistance (worn)
Jewellery
 k - a ring of poison resistance (left hand)
Wands
 l - a wand of polymorph (5)
 o - a wand of flame (40)
 t - a wand of scattershot (1)
 x - a wand of disintegration (26)
Scrolls
 n - a scroll of random uselessness {unknown}
 r - 4 scrolls of remove curse
 s - a scroll of magic mapping
 u - 2 scrolls of fear {unknown}
 v - a scroll of enchant armour
 w - a scroll of enchant weapon {unknown}
 A - a scroll of brand weapon {unknown}
 C - a scroll of vulnerability {unknown}
 E - a scroll of amnesia {unknown}
 F - a scroll of acquirement {unknown}
Potions
 d - a potion of invisibility
 e - a potion of flight
 g - a potion of ambrosia
 h - a potion of agility
 m - 2 potions of cancellation {unknown}
 p - a potion of heal wounds {unknown}
 z - a potion of brilliance
 B - a potion of curing {unknown}
 D - a potion of magic {unknown}
 G - a potion of berserk rage {unknown}
Comestibles
 f - 22 rations
 H - 3 chunks of flesh


   Skills:
 + Level 7.2(12.2) Fighting
 + Level 10.9(15.9) Long Blades
 + Level 8.6(13.6) Armour
 + Level 2.3(7.3) Dodging
 + Level 1.0(6.0) Stealth
 + Level 11.2(16.2) Shields
 + Level 2.2 Invocations
 + Level 0.8 Evocations


You had 10 spell levels left.
You didn't know any spells.
Your spell library contained the following spells:

 Spells                   Type           Power        Failure   Level  Hunger
 Leda's Liquefaction      Hex/Erth       #.........   100%        4    #####..
 Bolt of Magma            Conj/Fire/Erth #.........   100%        5    ######.
 Iron Shot                Conj/Erth      #.........   100%        6    #######
 Statue Form              Tmut/Erth      #........    100%        6    #######
 Shatter                  Erth           #.........   100%        9    #######


Dungeon Overview and Level Annotations

Branches:
Dungeon (11/15)            Temple (1/1) D:4             Orc (0/2) D:10
   Lair: D:8-11

Altars:
Ashenzari
Nemelex Xobeh
Okawaru
Trog
Xom

Annotations:
D:11 Harold


Innate Abilities, Weirdness & Mutations

You cannot be hasted, slowed, berserked, paralysed or teleported.
You can dig through walls and to a lower floor.
Your four strong arms can wield two-handed weapons with a shield.
You have a pair of large antennae on your head. (SInv)


Message History

The ice beast is lightly wounded.
You block the ice beast's attack.
The orc priest invokes the aid of Beogh against you.
Beogh smites you!
You are feeling hungry.
You slash the ice beast!
The ice beast is heavily wounded.
You block the ice beast's attack.
You slash the ice beast!
The ice beast is almost dead.
You hit the ice beast.
The ice beast is almost dead.
The ice beast hits you. The ice beast freezes you!
* * * LOW HITPOINT WARNING * * *
You slash the ice beast!
You kill the ice beast!
Okawaru accepts your kill.
The orc priest invokes the aid of Beogh against you.
Beogh smites you!
You die...

........#########.#
.#####.......####.########
.........................#
#.#####..####.###.###....########
#)# #<.# #.# #.# #.#..........
#.# #..# #.###.# #...>#######.
#.# #### #.##..# ##.#.# #. #.#
#.##.## #.#.# #. #.# #.##@# #.#.#
#. #.# ###.##o#####.#.# ######
#.###### #....o>o.......# #.....
.......# #(#.#...####...# #.####
######.# #.#...#(.......###.##
#.# #.###...............# #.# #.#
##.#.#####.####.#
######.####.####.#.# #.# #.#
..........)).......## #.# #.###


You could see an orc priest and 2 orcs.

Vanquished Creatures
  Erolcha (D:9)
  A two-headed ogre (D:8)
  Joseph (D:7)
  Maurice (D:8)
  Psyche (D:10)
  2 trolls (D:9)
  A hornet (D:8)
  A hippogriff (D:10)
  A wyvern (D:9)
  2 water moccasins
  2 sky beasts (D:9)
  3 orc warriors (D:10)
  6 ice beasts
  2 black bears (D:8)
  A necrophage (D:5)
  5 phantoms
  6 ogres
  3 centaurs
  A crocodile (D:10)
  7 bullfrogs
  A water moccasin zombie (D:7)
  2 wyvern skeletons (D:10)
  A scorpion (D:5)
  4 killer bees (D:9)
  2 electric eels (D:10)
  A howler monkey (D:7)
  2 crimson imps (D:7)
  A quasit (D:7)
  3 jellies
  Crazy Yiuf (D:4)
  2 bullfrog skeletons
  A bullfrog zombie (D:7)
  7 orc priests
  4 hounds
  3 iguanas
  10 orc wizards
  5 worker ants
  A killer bee zombie (D:8)
  4 hound skeletons
  A howler monkey zombie (D:6)
  8 gnolls
  A howler monkey skeleton (D:9)
  8 adders
  A shadow imp (D:7)
  An ooze (D:1)
  2 adder skeletons
  3 worms
  4 dart slugs
  3 leopard geckos
  47 orcs
  2 ball pythons
  7 bats
  3 giant cockroaches
  4 goblins
  5 hobgoblins
  12 jackals
  6 kobolds
  8 quokkas
  A leopard gecko zombie (D:8)
  A quokka zombie (D:9)
  7 rats
238 creatures vanquished.

Vanquished Creatures (others)
  An orc wizard (D:4)
  An orc (D:10)
2 creatures vanquished.

Grand Total: 240 creatures vanquished

Notes
Turn   | Place    | Note
-------+----------+-------------------------------------------
     0 | D:1      | Peloso the Formicid Fighter began the quest for the Orb.
     0 | D:1      | Reached XP level 1. HP: 18/18 MP: 1/1
     3 | D:1      | Noticed an electric eel
     3 | D:1      | Noticed an electric eel
   180 | D:1      | Reached XP level 2. HP: 6/24 MP: 2/2
   560 | D:1      | Reached skill level 4 in Shields
   573 | D:1      | Reached XP level 3. HP: 28/29 MP: 3/3
  1188 | D:2      | Reached XP level 4. HP: 37/37 MP: 4/4
  1757 | D:3      | Reached XP level 5. HP: 42/42 MP: 5/5
  2226 | D:2      | Found a shimmering altar of Xom.
  2560 | D:4      | Reached skill level 5 in Shields
  2560 | D:4      | Reached XP level 6. HP: 38/48 MP: 6/6
  2564 | D:4      | Found a staircase to the Ecumenical Temple.
  2577 | Temple   | Entered the Ecumenical Temple
  2584 | Temple   | Became a worshipper of Warmaster Okawaru
  2598 | D:4      | Noticed a phantom
  2671 | D:4      | Killed a phantom
  2699 | D:4      | Reached skill level 1 in Dodging
  2772 | D:4      | Noticed a phantom
  2787 | D:4      | Reached XP level 7. HP: 41/54 MP: 7/7
  2841 | D:4      | Reached * piety under Okawaru
  2854 | D:4      | Reached skill level 5 in Long Blades
  2856 | D:4      | Reached skill level 5 in Armour
  3107 | D:4      | Reached XP level 8. HP: 61/61 MP: 8/8
  3223 | D:4      | Found a runed translucent door.
  3224 | D:4      | Noticed Crazy Yiuf
  3511 | D:4      | Killed Crazy Yiuf
  3577 | D:5      | Entered Level 5 of the Dungeon
  3763 | D:5      | Reached ** piety under Okawaru
  3763 | D:5      | Reached skill level 6 in Shields
  4301 | D:5      | Found an iron altar of Okawaru.
  4333 | D:5      | Reached skill level 5 in Fighting
  4333 | D:5      | Reached XP level 9. HP: 37/67 MP: 9/9
  5044 | D:6      | Reached *** piety under Okawaru
  5101 | D:6      | Reached skill level 7 in Shields
  5954 | D:7      | Noticed Joseph
  5987 | D:7      | Killed Joseph
  5987 | D:7      | Reached skill level 8 in Shields
  6222 | D:7      | Reached **** piety under Okawaru
  6630 | D:7      | Reached XP level 10. HP: 69/75 MP: 10/10
  6666 | D:7      | Reached skill level 1 in Invocations
  6992 | D:8      | Reached skill level 9 in Shields
  7271 | D:8      | Found a bloodstained altar of Trog.
  7644 | D:8      | Noticed a two-headed ogre
  7645 | D:8      | Noticed Maurice
  7649 | D:8      | Killed a two-headed ogre
  7655 | D:8      | Killed Maurice
  7655 | D:8      | Reached ***** piety under Okawaru
  7760 | D:8      | Reached skill level 10 in Shields
  8202 | D:9      | Reached skill level 10 in Long Blades
  8275 | D:9      | Reached XP level 11. HP: 61/82 MP: 9/12
  8502 | D:9      | Noticed Erolcha
  8515 | D:9      | Killed Erolcha
  8529 | D:9      | Received a gift from Okawaru
  8867 | D:9      | Reached skill level 1 in Stealth
  8917 | D:10     | Entered Level 10 of the Dungeon
  9072 | D:10     | Reached skill level 11 in Shields
 10099 | D:10     | Found a staircase to the Orcish Mines.
 10153 | D:11     | Noticed Harold
 10158 | D:11     | Noticed Psyche
 10190 | D:10     | Killed Psyche
 10205 | D:10     | Killed from afar by an orc priest

Levels and vault maps discovered:
D:1:      arrival_aquarium_b, layout_basic
D:2:      lemuel_upstairs_altar, layout_basic
D:3:      layout_basic
D:4:      layout_loops_ring, minmay_temple_entry_arrows,
          corexii_leaking_fountain, uniq_crazy_yiuf_cottage
D:5:      layout_layer_cave, first_ration, basic_altar
D:6:      layout_basic
D:7:      layout_loops_ring, uniq_joseph
D:8:      layout_rooms, trog_ov_bears_minmay, uniq_maurice
D:9:      layout_loops_ring, uniq_erolcha
D:10:     layout_loops_ring, erik_orc_2
D:11:     layout_rooms, erik_lair_orcish_takeover, uniq_psyche, uniq_harold
Temple:   minmay_crystal_snake_temple

Skill      XL: |  1  2  3  4  5  6  7  8  9 10 11 |
---------------+----------------------------------+-----
Shields        | 4 5 6 8 10 11 | 11.2
Armour         | 4 5 6 7 8 |  8.6
Long Blades    | 3 4 5 7 8 10 | 10.9
Dodging        | 1 2 |  2.3
Fighting       | 4 5 6 7 |  7.2
Invocations    | 1 2 |  2.2
Stealth        | 1 |  1.0
Evocations     | |  0.8

Action                   |  1- 3 |  4- 6 |  7- 9 | 10-12 || total
-------------------------+-------+-------+-------+-------++-------
Melee: Long sword        |    85 |   135 |   364 |   619 ||  1203
Invok: Heroism           |       |       |     5 |    13 ||    18
 Abil: Dig               |       |     3 |       |       ||     3
Evoke: Wand              |       |       |       |    11 ||    11
  Use: Potion            |     2 |       |     2 |       ||     4
       Scroll            |       |     7 |     3 |       ||    10
  Eat: Chunk             |     1 |     6 |    13 |    12 ||    32
Armor: Scale mail        |    12 |       |       |       ||    12
       Chain mail        |    36 |    67 |   127 |    86 ||   316
       Plate armour      |       |       |       |   116 ||   116
Dodge: Dodged            |    32 |    36 |    98 |   128 ||   294
Block: Shield            |    49 |    60 |   215 |   353 ||   677
       Rpst.: Long sword |    11 |    17 |    25 |    33 ||    86
